 Dungeon Crawl Stone Soup version 0.30-a0-149-g7f746667c4 (webtiles) character file.

Game seed: 1213349236895709919

418 LnG the Sneak (level 7, -2/37 HPs)
             Began as a Kobold Summoner on Sept 26, 2022.
             Slain by an orc wizard
             ... wielding a +3 dagger of electrocution
              (12 damage)
             ... on level 5 of the Dungeon.
             The game lasted 00:13:21 (4485 turns).

LnG the Sneak (Kobold Summoner)                     Turns: 4485, Time: 00:13:22

Health: -2/37      AC:  6    Str:  6    XL:     7   Next: 16%
Magic:  5/11       EV: 15    Int: 18    God:
Gold:   74         SH:  0    Dex: 18    Spells: 2/11 levels left

rFire   . . .      SeeInvis +    e - +0 dagger
rCold   . . .      Faith    .    (no shield)
rNeg    . . .      Spirit   .    a - +0 robe
rPois   .          Reflect  .    d - +1 helmet
rElec   .          Harm     .    (no cloak)
rCorr   .          Rampage  .    f - +0 pair of fencer's gloves {Riposte Dex+3}
Will    .....                    g - +0 pair of boots
Stlth   +++++.....               (no amulet)
HPRegen 0.12/turn                v - ring of see invisible
MPRegen 0.12/turn                (no ring)

@: no status effects
A: small, no large weapons, nightstalker 3
a: no special abilities


You were on level 5 of the Dungeon.
You visited 1 branch of the dungeon, and saw 6 of its levels.

You collected 282 gold pieces.
You spent 208 gold pieces at shops.

Inventory:

Hand Weapons
 e - a +0 dagger (weapon)
Armour
 a - a +0 robe (worn)
 d - a +1 helmet (worn)
 f - the +0 pair of fencer's gloves (worn) {Riposte Dex+3}
   (You acquired it on level 3 of the Dungeon)

   It allows the wearer to riposte with melee weapons, swiftly retaliating
   against missed or blocked melee attacks.
   Dex:       It affects your dexterity (+3).
 g - a +0 pair of boots (worn)
 j - a +0 pair of gloves
Jewellery
 v - a ring of see invisible (left hand)
Wands
 t - a wand of polymorph (2)
 w - a wand of flame (20)
Scrolls
 i - a scroll of amnesia
 k - a scroll of torment
 l - a scroll of magic mapping {unknown}
 n - a scroll of teleportation {unknown}
 p - a scroll of enchant armour {unknown}
 r - a scroll of noise {unknown}
 u - a scroll of immolation {unknown}
 x - a scroll of butterflies {unknown}
Potions
 b - a potion of magic
 c - a potion of invisibility {unknown}
 h - 3 potions of curing
 m - a potion of heal wounds
 o - 2 potions of haste {unknown}
 q - a potion of might {unknown}
 s - 3 potions of degeneration {unknown}
 z - a potion of lignification {unknown}
 A - a potion of cancellation


   Skills:
 + Level 0.5 Fighting
 + Level 1.5 Short Blades
 + Level 3.1 Dodging
 * Level 7.8 Stealth
 + Level 2.8 Spellcasting
 * Level 5.2 Summonings


You had 2 spell levels left.
You knew the following spells:

 Your Spells              Type           Power      Damage    Failure   Level
a - Summon Small Mammal   Summ           84%        N/A       1%          1
b - Call Imp              Summ           21%        N/A       3%          2
c - Call Canine Familiar  Summ           21%        N/A       6%          3
d - Summon Guardian Gole  Hex/Summ       12%        N/A       17%         3

Your spell library contained the following spells:

 Spells                   Type           Power      Damage    Failure   Level
 Shock                    Conj/Air       8%         1d3       17%         1
 Sting                    Tmut/Pois      8%         1d3       17%         1
 Poisonous Vapours        Pois/Air       4%         N/A       26%         2
 Confusing Touch          Hex            2%         N/A       45%         3
 Dazzling Flash           Conj/Hex       4%         N/A       45%         3
 Ignite Poison            Fire/Tmut/Pois 2%         N/A       45%         3
 Swiftness                Air            2%         N/A       45%         3
 Summon Lightning Spire   Summ/Air       12%        N/A       50%         4
 Airstrike                Air            1%         2d(1-17)  86%         4
 Iskenderun's Mystic Bla  Conj/Tloc      2%         2d3       86%         4
 Olgreb's Toxic Radiance  Pois           2%         N/A       86%         4
 Sticky Flame             Conj/Fire      2%         2d3       86%         4
 Yara's Violent Unravell  Hex/Tmut       1%         3d3       99%         5
 Starburst                Conj/Fire      1%         6d3       100%        6
 Enfeeble                 Hex            1%         N/A       100%        7


Dungeon Overview and Level Annotations

Branches:
Dungeon (6/15)
 Temple: D:4-7

Altars:
Kikubaaqudgha

Shops:
D:2 *   D:5 !

Annotations:
D:4 1 runed translucent door, greasedhog's ghost, amateur GrSu


Innate Abilities, Weirdness & Mutations

You are small and have problems with some larger weapons.
You are completely attuned to the shadows.


Message History

You barely miss the orc priest.
The orc priest is moderately wounded.
Your hound bites the orc priest.
You hit the orc priest.
The orc priest is severely wounded.
The orc priest hits you with a +0 trident.
The orc wizard gestures at you while chanting.
The puff of flame misses you.
Your hound bites the orc priest.
You hit the orc priest.
The orc priest is severely wounded.
Your hound misses the orc priest. The orc priest closely misses you.
The orc wizard gestures at you while chanting.
The magic dart hits you.
Your hound bites the orc priest.
You hit the orc priest but do no damage.
The orc priest is almost dead.
The orc priest looks satisfied for a moment.
The orc wizard points at you and mumbles some strange words.
You resist with some effort.
Your hound barely misses the orc priest.
You completely miss the orc priest.
The orc priest is almost dead.
Your hound barely misses the orc priest.
The orc priest barely misses you. The orc wizard casts a spell at you.
The puff of flame hits you!
Your hound barely misses the orc priest.
You barely miss the orc priest.
The orc priest is almost dead.
The orc priest barely misses you. The orc wizard barely misses you.
Your hound bites the orc priest.
You hit the orc priest.
You kill the orc priest!
Your hound barely misses the orc wizard.
The orc wizard barely misses you.
You riposte.
You hit the orc wizard but do no damage.
You barely miss the orc wizard.
Your hound bites the orc wizard.
The orc wizard hits you with a +3 dagger of electrocution.
* * * LOW HITPOINT WARNING * * *
You are electrocuted!
You die...

...##...†)..[.....###.# ##...## #
##.................##.+ ##.## +
...................##.# #+# #
###...###..........##.##.o.+...##
#....##..............##.....##.
#...#.............##...##.o.##..
#..#.####........h.###.o.##O##..#
...... .........o).# #.#..#'#..##
###........@..###.##..'..##
..............#....#...##
#....8.∩.<.8...##....##
#..#.........#########
##..##......### ##......#...##
##.........#.. #........
#........


You could see an orc wizard (invisible, ally target) and a friendly hound
(summoned).

Vanquished Creatures
  A phantom (D:5)
  A necrophage (D:6)
  A hound (D:4)
  An orc priest (D:5)
  5 adders (D:4)
  A worm (D:3)
  A dart slug (D:4)
  3 orcs
  3 ball pythons
  6 bats
  3 endoplasms (D:2)
  3 giant cockroaches
  8 goblins
  3 hobgoblins
  2 jackals (D:1)
  3 frilled lizards
  4 kobolds
  7 rats
56 creatures vanquished.

Vanquished Creatures (collateral kills)
  An ogre (D:5)
  An adder (D:5)
  9 orcs
  3 endoplasms
  2 goblins
  A jackal (D:1)
  2 bats (D:1)
  2 kobolds
  A rat (D:2)
22 creatures vanquished.

Grand Total: 78 creatures vanquished

Notes
Turn   | Place    | Note
-------+----------+-------------------------------------------
     0 | D:1      | LnG the Kobold Summoner began the quest for the Orb.
     0 | D:1      | Reached XP level 1. HP: 10/10 MP: 3/3
   297 | D:1      | Reached XP level 2. HP: 13/15 MP: 1/5
   300 | D:1      | Learned a level 2 spell: Call Imp
   505 | D:1      | Reached skill level 3 in Stealth
   932 | D:2      | Reached XP level 3. HP: 19/19 MP: 6/6
   936 | D:2      | Learned a level 3 spell: Call Canine Familiar
  1141 | D:2      | Found Jocosyj's Assorted Antiques.
  2041 | D:3      | Reached XP level 4. HP: 21/24 MP: 4/7
  2266 | D:3      | Found a faded altar of an unknown god.
  2581 | D:3      | Found an ancient bone altar of Kikubaaqudgha.
  2853 | D:3      | Reached skill level 4 in Stealth
  3224 | D:3      | Identified a scroll of acquirement
  3225 | D:3      | Acquired the +0 pair of fencer's gloves {Riposte Dex+3}
  3225 | D:3      | Found the +0 pair of fencer's gloves {Riposte Dex+3}
  3405 | D:4      | Reached skill level 5 in Stealth
  3405 | D:4      | Reached XP level 5. HP: 28/28 MP: 8/8
  3409 | D:4      | Learned a level 3 spell: Summon Guardian Golem
  3619 | D:4      | Found a runed translucent door.
  3622 | D:4      | Noticed greasedhog's ghost (amateur GrSu)
  3839 | D:5      | Entered Level 5 of the Dungeon
  3854 | D:5      | You fall into a shaft and drop 1 floor!
  4026 | D:6      | Reached skill level 6 in Stealth
  4026 | D:6      | Reached XP level 6. HP: 33/33 MP: 9/9
  4194 | D:5      | Reached skill level 5 in Summonings
  4362 | D:5      | Reached skill level 1 in Short Blades
  4362 | D:5      | Reached skill level 7 in Stealth
  4419 | D:5      | Found Imorig's Distillery.
  4424 | D:5      | Bought a potion of cancellation for 104 gold pieces
  4424 | D:5      | Bought a potion of heal wounds for 65 gold pieces
  4424 | D:5      | Bought a potion of curing for 39 gold pieces
  4445 | D:5      | Noticed an ogre
  4464 | D:5      | Killed an ogre
  4465 | D:5      | Reached XP level 7. HP: 37/37 MP: 6/11
  4485 | D:5      | Slain by an orc wizard

Illustrated notes

Levels and vault maps discovered:
D:1:      saegor_arrival_simple_a, layout_basic
D:2:      layout_loops_cross, serial_shops, shop, st_stairs_3,
          roderic_nine_men_s_morris, serial_bayou_crossing
D:3:      layout_loops_corners, nicolae_overflow_hidden_temple,
          ebering_ecumenical_altar_rust
D:4:      layout_rooms, hellmonk_ghost_happy_afterlife
D:5:      layout_rooms, serial_shops, shop_statue, grunt_decor_arrowhead
D:6:      layout_basic, nicolae_lava_and_water, nicolae_benzene_ring

Skill      XL: |  1  2  3  4  5  6 |
---------------+-------------------+-----
Stealth        | 3 5 6 7 |  7.8
Summonings     | 5 |  5.2
Short Blades   | 1 |  1.5
Dodging        | 3 |  3.1
Fighting       | |  0.5
Spellcasting   | |  2.8

Action                   |  1- 3 |  4- 6 |  7- 9 || total
-------------------------+-------+-------+-------++-------
Melee: Dagger            |    80 |    92 |    19 ||   191
       Punch             |     1 |     2 |       ||     3
 Cast: Summon Small Mamm |    10 |     1 |       ||    11
       Call Imp          |     3 |     1 |       ||     4
       Call Canine Famil |     3 |     8 |     1 ||    12
  Use: Scroll            |       |     4 |       ||     4
       Potion            |       |     1 |       ||     1
 Stab: Sleeping          |    12 |    19 |       ||    31
       Distracted        |     2 |       |       ||     2
Armor: Robe              |    27 |    20 |       ||    47
Dodge: Dodged            |    96 |    44 |    17 ||   157
       Rpst.: Dagger     |       |     9 |     3 ||    12

Table legend: (Time is in decaauts)
 A = Elapsed time spent in this place.
 B = Non-inter-level travel time spent in this place.
 C = Inter-level travel time spent in this place.
 D = Time resting spent in this place.
 E = Time spent auto-exploring this place.
 F = Levels seen in this place.
 G = Mean time per level.
                   A        B        C        D        E       F      G
               +--------+--------+--------+--------+--------+-----+--------+
         Total |   4493 |   4231 |    262 |    431 |   2763 |   6 |  748.8 |
       Dungeon |   4493 |   4231 |    262 |    431 |   2763 |   6 |  748.8 |
               +--------+--------+--------+--------+--------+-----+--------+

Top non-repeatable levels by time:
     D:3: 1224 daAuts
     D:2: 1103 daAuts
     D:1: 878 daAuts
     D:4: 644 daAuts
     D:5: 337 daAuts
     D:6: 305 daAuts
